 Dungeon Crawl Stone Soup version 0.19.5 (webtiles) character file.

6179 theAP the Carver (level 11, -1/99 HPs)
             Began as a Formicid Fighter on Apr 16, 2017.
             Was a Priest of Makhleb.
             Killed from afar by an electric eel (8 damage)
             ... with a bolt of electricity
             ... on level 9 of the Dungeon.
             The game lasted 00:30:48 (6574 turns).

theAP the Carver (Formicid Fighter)                 Turns: 6574, Time: 00:30:49

Health: -1/99      AC: 13    Str: 27    XL:     11   Next: 13%
Magic:  11/11      EV:  6    Int: 14    God:    Makhleb [***...]
Gold:   21         SH: 17    Dex: 10    Spells: 0 memorised, 10 levels left

rFire  x . .     SeeInvis +     E - +2 triple sword (holy)
rCold  . . .     Gourm    .     l - +0 chain mail
rNeg   + . .     Faith    .     y - -5 large shield of Contentment {rF- Str+4 Slay+6}
rPois  .         Spirit   .     (helmet unavailable)
rElec  .         Reflect  .     r - +0 cloak
rCorr  .         Harm     .     (no gloves)
MR     .....                    o - +0 pair of boots
Stlth  ..........               k - amulet of rage
                                D - ring of Huixytz {MR- AC+2 Int+5}
                                s - ring of the Griffon {rN+ AC+4}

@: no status effects
A: permanent stasis, dig shafts and tunnels, four strong arms, antennae 3,
talons 1, large bone plates 1, deformed body, robust 1
a: Dig, Shaft Self, Minor Destruction, Lesser Servant of Makhleb, Renounce
Religion


You were on level 9 of the Dungeon.
You worshipped Makhleb.
Makhleb was most pleased with you.
You were full.

You visited 2 branches of the dungeon, and saw 10 of its levels.
You also visited: Ossuary.

You collected 510 gold pieces.
You spent 489 gold pieces at shops.

Inventory:

Hand Weapons
 a - a +1 long sword
 E - a +2 triple sword of holy wrath (weapon)
Armour
 b - a +0 scale mail
 c - a +0 shield
 l - a +0 chain mail (worn)
 o - a +0 pair of boots (worn)
 r - a +0 cloak (worn)
 y - the -5 large shield of Contentment (worn) {rF- Str+4 Slay+6}
   (You bought it in a shop on level 4 of the Dungeon)

   It affects your strength (+4).
   It affects your accuracy and damage with ranged weapons and melee attacks
   (+6).
   It makes you vulnerable to fire.
Jewellery
 k - an amulet of rage (around neck)
 s - the ring of the Griffon (left hand) {rN+ AC+4}
   (You found it in an ossuary)

   [ring of protection]

   It affects your AC (+4).
   It protects you from negative energy.
 C - a +2 ring of intelligence
 D - the ring of Huixytz (right hand) {MR- AC+2 Int+5}
   (You found it on level 5 of the Dungeon)

   [ring of protection]

   It affects your AC (+2).
   It affects your intelligence (+5).
   It affects your resistance to hostile enchantments.
 I - a -2 ring of strength
Wands
 t - a wand of enslavement (12/24)
 x - a wand of lightning (12/15)
 F - a wand of slowing (18/48)
 G - a wand of slowing (10/48)
 K - a wand of flame (35/48)
 N - a wand of teleportation (1/9)
 O - a wand of teleportation (7/9)
Scrolls
 e - 6 scrolls of teleportation
 g - a scroll of recharging
 m - a scroll of random uselessness
 p - 2 scrolls of remove curse
 z - 2 scrolls of silence
Potions
 d - 3 potions of might
 h - 3 potions of degeneration
 i - 2 potions of berserk rage
 j - 2 potions of brilliance
 q - 2 potions of heal wounds
 u - 3 potions of flight
 v - 2 potions of cancellation
 w - 2 potions of agility
 A - 4 potions of lignification
 B - 3 potions of haste
 J - a potion of experience {unknown}
Books
 H - a book of Cantrips

   Spells                             Type                      Level
   a - Confusing Touch                Hexes                        1
   b - Animate Skeleton               Necromancy                   1
   c - Summon Small Mammal            Summoning                    1
   d - Apportation                    Translocation                1
Comestibles
 f - 5 bread rations
 n - 5 meat rations
 L - a fruit
 M - 6 slices of pizza


   Skills:
 + Level 9.7 Fighting
 * Level 11.9 Long Blades
 - Level 3.2 Armour
 + Level 9.0 Shields


You had 10 spell levels left.
You didn't know any spells.

Dungeon Overview and Level Annotations

Branches:
Dungeon (9/15)             Temple (1/1) D:4
   Lair: D:8-11         Orc: D:9-12

Altars:
Ashenzari
Cheibriados
Dithmenos
Elyvilon
Fedhas
Gozag
Hepliaklqana
Kikubaaqudgha
Makhleb
Nemelex Xobeh
Okawaru
Qazlal
Ru
Sif Muna
Trog
Uskayaw
Vehumet
Xom
Yredelemnul
Zin
The Shining One

Shops:
D:4 [[*=   D:8 (%[:   D:9 }


Innate Abilities, Weirdness & Mutations

You are under a permanent stasis effect.
You can dig through walls and to a lower floor.
Your four strong arms can wield two-handed weapons with a shield.
You have a pair of large antennae on your head. (SInv)
You have sharp toenails.
You are partially covered in large bone plates. (SH +4)
Armour fits poorly on your strangely shaped body.
You are robust. (+10% HP)


Message History

* * * LOW HITPOINT WARNING * * *
The electric eel shoots out a bolt of lightning at you!
The bolt of electricity hits you!
* * * LOW HITPOINT WARNING * * *
The electric eel shoots out a bolt of lightning at you!
The bolt of electricity hits the electric eel.
The electric eel completely resists.
The bolt of electricity hits you!
* * * LOW HITPOINT WARNING * * *
The electric eel shoots out a bolt of lightning at you!
The bolt of electricity hits you!
* * * LOW HITPOINT WARNING * * *
The electric eel shoots out a bolt of lightning at you!
The bolt of electricity hits you!
* * * LOW HITPOINT WARNING * * *
The electric eel shoots out a bolt of lightning at you!
The bolt of electricity hits you!
* * * LOW HITPOINT WARNING * * *
The electric eel shoots out a bolt of lightning at you!
The bolt of electricity hits you!
You die...

....≈≈≈≈≈≈≈....# #.......#
#..# ....≈≈≈≈≈≈≈....##
#..###..# #..#
....≈####≈≈.....###..# #..#
#..# ....≈#{ #≈≈..........#
#..# #...
....≈#{{#≈≈††..####..# #..#
#... ....≈#{{#≈≈....# #..#
#..# #... ....≈##+#≈≈....#
#..# #..# #...
....≈≈≈.≈≈≈....####..# #..#
#... ................@....#
#..# #...
....≈≈≈.≈≈≈.....###..###..#
#... ....≈≈#+##≈....##
#.......# #... †...≈≈#{
#;....# #.......# #...
....≈≈#{{#;....# #.......#
#... ....≈≈#{{#≈....#
#.#####.# #... ....≈≈#
#≈....# #.# #.####...
....≈≈≈≈≈;≈....# #.#
#........ ....≈≈≈≈≈≈≈....#
#.# #........


You could see 3 electric eels.

Vanquished Creatures
  Erolcha (D:9)
  A gargoyle (D:7)
  2 dream sheep (D:8)
  A hippogriff (D:8)
  A wraith (Ossuary)
  5 yaks
  Eustachio (D:6)
  A water moccasin (D:5)
  Duvessa (D:6)
  2 black bears (D:9)
  A sky beast (D:8)
  2 ice beasts (D:9)
  2 phantoms
  5 ogres
  3 centaurs
  3 big kobolds (D:8)
  3 bullfrogs
  A gnoll sergeant (D:9)
  Dowan (D:6)
  A scorpion (D:8)
  2 wyvern skeletons
  8 wights
  A howler monkey (D:4)
  An electric eel (D:9)
  2 crimson imps (D:6)
  A quasit (D:7)
  A centaur zombie (D:5)
  A bullfrog zombie (D:6)
  A jelly (D:8)
  A bullfrog skeleton (D:4)
  3 orc priests
  2 orc wizards
  Natasha (thrice) (D:3)
  9 worker ants
  2 killer bee zombies
  A big kobold zombie (Ossuary)
  A hound skeleton (D:7)
  3 mummies (Ossuary)
  A worker ant zombie (D:8)
  14 gnolls
  3 adders
  A shadow imp (D:6)
  2 worms
  3 dart slugs
  8 leopard geckos
  25 orcs
  A ball python (D:1)
  4 bats
  3 giant cockroaches
  7 goblins
  5 hobgoblins
  6 jackals
  3 quokkas
  5 frilled lizards
  A gnoll zombie (Ossuary)
  3 goblin zombies (Ossuary)
  3 hobgoblin zombies (Ossuary)
  A jackal skeleton (D:6)
  4 kobolds
  3 kobold zombies (Ossuary)
  A leopard gecko skeleton (D:5)
  A leopard gecko zombie (D:6)
  A quokka skeleton (D:5)
  A quokka zombie (D:5)
  3 rats
194 creatures vanquished.

Notes
Turn   | Place    | Note
-------+----------+-------------------------------------------
     0 | D:1      | theAP the Formicid Fighter began the quest for the Orb.
     0 | D:1      | Reached XP level 1. HP: 18/18 MP: 1/1
   130 | D:1      | Reached XP level 2. HP: 24/24 MP: 2/2
   512 | D:1      | Reached XP level 3. HP: 30/30 MP: 3/3
   806 | D:2      | Reached skill level 3 in Long Blades
  1156 | D:3      | Reached XP level 4. HP: 36/37 MP: 4/4
  1461 | D:3      | Noticed Natasha
  1464 | D:3      | Killed Natasha
  1498 | D:3      | Noticed Natasha
  1509 | D:3      | Killed Natasha
  1509 | D:3      | Reached XP level 5. HP: 37/43 MP: 5/5
  1588 | D:3      | Noticed Natasha
  1602 | D:3      | Killed Natasha
  1602 | D:3      | Reached skill level 4 in Long Blades
  1756 | D:4      | Found Naxt's Armour Shoppe.
  1802 | D:4      | Found a hazy altar of Hepliaklqana.
  1878 | D:4      | Found a sand-covered staircase.
  1899 | D:4      | Reached XP level 6. HP: 38/50 MP: 6/6
  1905 | Ossuary  | Entered an ossuary
  1905 | Ossuary  | Noticed a wraith
  1905 | Ossuary  | Noticed a wraith
  1905 | Ossuary  | Noticed a wraith
  2030 | Ossuary  | Reached skill level 5 in Fighting
  2068 | Ossuary  | Got a coiled wooden ring
  2069 | Ossuary  | Identified the ring of the Griffon {rN+ AC+4} (You found it in an ossuary)
  2081 | Ossuary  | Reached skill level 5 in Long Blades
  2391 | Ossuary  | Noticed a wraith
  2404 | Ossuary  | Killed a wraith
  2404 | Ossuary  | Reached XP level 7. HP: 36/56 MP: 7/7
  2589 | D:4      | Found Noguk's General Store.
  2605 | D:4      | Reached skill level 6 in Long Blades
  2830 | D:4      | Found Otiet Jig's Jewellery Emporium.
  2861 | D:4      | Found Lostryof's Armour Shop.
  2885 | D:4      | Reached skill level 7 in Long Blades
  2889 | D:4      | Reached XP level 8. HP: 61/64 MP: 8/8
  2905 | D:4      | Bought the cursed -5 large shield of Contentment {rF- Str+4 Slay+6} for 121 gold pieces
  3225 | D:4      | Found a faded altar of an unknown god.
  3227 | D:4      | Found a staircase to the Ecumenical Temple.
  3237 | Temple   | Entered the Ecumenical Temple
  3420 | Temple   | Became a worshipper of Makhleb the Destroyer
  3460 | D:5      | Entered Level 5 of the Dungeon
  3722 | D:5      | Found an opulent altar of Gozag.
  3755 | D:5      | Reached skill level 8 in Long Blades
  3877 | D:5      | Reached skill level 5 in Shields
  3890 | D:5      | Got a shimmering glass ring
  4107 | D:6      | Reached * piety under Makhleb
  4134 | D:6      | Reached XP level 9. HP: 72/72 MP: 9/9
  4394 | D:6      | Found a snail-covered altar of Cheibriados.
  4447 | D:6      | Noticed Eustachio
  4467 | D:6      | Killed Eustachio
  4467 | D:6      | Reached skill level 9 in Long Blades
  4484 | D:6      | Found a shadowy altar of Dithmenos.
  4539 | D:6      | Noticed Duvessa
  4539 | D:6      | Noticed Dowan
  4544 | D:6      | Killed Duvessa
  4551 | D:6      | Killed Dowan
  4563 | D:6      | Found a bloodstained altar of Trog.
  4791 | D:7      | Found an iron altar of Okawaru.
  4858 | D:7      | Found a bloodstained altar of Trog.
  4925 | D:7      | Identified the ring of Huixytz {MR- AC+2 Int+5} (You found it on level 5 of the Dungeon)
  5026 | D:7      | Noticed a gargoyle
  5036 | D:7      | Killed a gargoyle
  5036 | D:7      | Reached skill level 10 in Long Blades
  5036 | D:7      | Reached XP level 10. HP: 66/80 MP: 10/10
  5082 | D:7      | Reached ** piety under Makhleb
  5346 | D:8      | Gained mutation: Your magical capacity is low. (-10% MP) [mutagenic meat]
  5347 | D:8      | Gained mutation: Armour fits poorly on your strangely shaped body. [mutagenic meat]
  5348 | D:8      | Lost mutation: Your magical capacity is low. (-10% MP) [mutagenic meat]
  5349 | D:8      | Gained mutation: You are partially covered in large bone plates. (SH +4) [mutagenic meat]
  5350 | D:8      | Gained mutation: You are robust. (+10% HP) [mutagenic meat]
  5351 | D:8      | Gained mutation: You have sharp toenails. [mutagenic meat]
  5366 | D:8      | Found Deilawi's Book Emporium.
  5374 | D:8      | Found a burning altar of Makhleb.
  5409 | D:8      | Found Rietismi's Food Shop.
  5422 | D:8      | Found Sawkyged's Antique Weapon Shop.
  5530 | D:8      | Found a shattered altar of Ashenzari.
  5606 | D:8      | Noticed a three-headed hydra
  5786 | D:8      | Reached skill level 11 in Long Blades
  5980 | D:8      | Found Viegra's Antique Armour Emporium.
  6172 | D:8      | Bought a runed triple sword for 368 gold pieces
  6346 | D:9      | Found Icveliag's Gadget Shoppe.
  6404 | D:9      | Reached *** piety under Makhleb
  6468 | D:9      | Noticed Erolcha
  6478 | D:9      | Killed Erolcha
  6478 | D:9      | Reached XP level 11. HP: 94/99 MP: 11/11
  6574 | D:9      | Killed from afar by an electric eel

Skill      XL: |  1  2  3  4  5  6  7  8  9 10 |
---------------+-------------------------------+-----
Fighting       | 4 5 6 7 8 9 |  9.7
Long Blades    | 3 4 5 7 8 10 11 | 11.9
Shields        | 5 7 9 |  9.0
Armour         | |  3.2

Action                   |  1- 3 |  4- 6 |  7- 9 | 10-12 || total
-------------------------+-------+-------+-------+-------++-------
Melee: Long sword        |    87 |   125 |   267 |   113 ||   592
       Triple sword      |       |       |       |    59 ||    59
Evoke: Wand              |       |       |       |     3 ||     3
  Use: Potion            |       |     1 |     4 |     3 ||     8
       Scroll            |       |    11 |     5 |     6 ||    22
  Eat: Chunk             |     1 |     2 |     4 |     6 ||    13
       Beef jerky        |       |     1 |     1 |       ||     2
       Meat ration       |       |       |     1 |       ||     1
       Fruit             |       |       |       |    11 ||    11
Armor: Scale mail        |    31 |    50 |     9 |       ||    90
       Chain mail        |       |       |    80 |    84 ||   164
Dodge: Dodged            |    33 |    29 |    45 |    24 ||   131
Block: Shield            |    42 |    66 |    20 |       ||   128
       Large shield      |       |       |   106 |   138 ||   244
       Rpst.: Long sword |    16 |    12 |    12 |     5 ||    45
       Triple sword      |       |       |       |     3 ||     3
